 Dungeon Crawl Stone Soup version 0.27.1-34-g3ba077fa99 (webtiles) character file.

Game seed: 17689475631844521632

3392 Descartes the Protected (level 10, -1/67 HPs)
             Began as a Formicid Warper on Jan 13, 2022.
             Was an Elder of Lugonu.
             Slain by a wyvern (5 damage)
             ... on level 8 of the Dungeon.
             The game lasted 00:16:11 (9161 turns).

Descartes the Protected (Formicid Warper)           Turns: 9161, Time: 00:16:11

Health: -1/67      AC: 14    Str: 19    XL:     10   Next: 24%
Magic:  22/22      EV:  7    Int: 13    God:    Lugonu [****..]
Gold:   46         SH:  0    Dex: 14    Spells: 8/13 levels left

rFire    + . .     SeeInvis +   v - +5 scimitar of Classification {spect, *Rage rPois rC- Dex+8}
rCold    x . .     Faith    .   (no shield)
rNeg     . . .     Spirit   .   E - +0 plate armour
rPois    +         Reflect  .   (helmet unavailable)
rElec    .         Harm     .   (no cloak)
rCorr    +         Rampage  .   (no gloves)
Will     +....                  (no boots)
Stlth    ..........             (no amulet)
HPRegen  0.21/turn              w - ring of Xoocabie {rF+ rCorr MP+9 Dex-4 SInv}
MPRegen  0.18/turn              m - +4 ring of slaying

@: no status effects
A: permanent stasis, dig shafts and tunnels, antennae 3, four strong arms
a: Dig, Shaft Self, Renounce Religion, Depart the Abyss, Bend Space, Banish,
Corrupt


You were on level 8 of the Dungeon.
You worshipped Lugonu.
Lugonu was greatly pleased with you.
You visited 2 branches of the dungeon, and saw 9 of its levels.

You collected 204 gold pieces.
You spent 158 gold pieces at shops.

Inventory:

Hand Weapons
 a - a +0 mace
 p - a +0 vampiric dagger
 q - a +2 dagger of venom
 v - the +5 scimitar of Classification (weapon) {spect, *Rage rPois rC- Dex+8}
   (You found it on level 4 of the Dungeon)

   When its wielder attacks, the weapon's spirit leaps out and strikes again.
   The spirit shares a part of any damage it takes with its wielder.
   Dex:       It affects your dexterity (+8).
   rC:        It makes you vulnerable to cold.
   rPois:     It protects you from poison.
   *Rage:     It may make you go berserk in combat.
 x - a +0 trident
 y - a +0 mace of protection
 R - a +3 mace of freezing
Missiles
 b - 132 stones
 c - 3 boomerangs of dispersal (quivered)
 g - 37 poisoned darts
 h - 7 javelins
 n - 78 sling bullets
 r - 116 arrows
 A - 5 boomerangs
 F - 3 throwing nets
 J - a curare-tipped dart
 N - 5 atropa-tipped darts
Armour
 E - a +0 plate armour (worn)
 M - +0 steam dragon scales
Jewellery
 m - a +4 ring of slaying (right hand)
 w - the ring of Xoocabie (left hand) {rF+ rCorr MP+9 Dex-4 SInv}
   (You found it on level 4 of the Dungeon)

   [ring of see invisible]

   Dex:       It affects your dexterity (-4).
   rF:        It protects you from fire.
   MP:        It affects your magic capacity (+9).
   SInv:      It lets you see invisible.
   rCorr:     It protects you from acid and corrosion.
Wands
 I - a wand of flame (13)
 Q - a wand of mindburst (10)
Scrolls
 d - 2 scrolls of holy word {unknown}
 e - 2 scrolls of noise {unknown}
 f - 4 scrolls of teleportation {unknown}
 i - 7 scrolls of identify {unknown}
 j - a scroll of fear {unknown}
 k - a scroll of vulnerability {unknown}
 o - 2 scrolls of acquirement {unknown}
 s - 2 scrolls of immolation {unknown}
 u - 2 scrolls of enchant armour {unknown}
 z - a scroll of fog {unknown}
 D - 3 scrolls of blinking {unknown}
 G - 3 scrolls of amnesia {unknown}
 L - a scroll of summoning {unknown}
 O - a scroll of silence {unknown}
 P - a scroll of brand weapon {unknown}
Potions
 l - 3 potions of curing {unknown}
 t - 2 potions of resistance {unknown}
 B - 2 potions of haste {unknown}
 C - 2 potions of mutation {unknown}
 H - 2 potions of magic {unknown}
 K - 3 potions of heal wounds {unknown}


   Skills:
 - Level 2.1 Fighting
 - Level 2.0 Long Blades
 - Level 2.0 Maces & Flails
 - Level 1.0 Throwing
 + Level 9.9 Armour
 - Level 1.7 Dodging
 - Level 2.1 Spellcasting
 + Level 9.0 Translocations
 - Level 5.0 Invocations


You had 8 spell levels left.
You knew the following spells:

 Your Spells              Type           Power      Damage    Failure   Level
a - Manifold Assault      Tloc           24%        N/A       97%         5

Your spell library contained the following spells:

 Spells                   Type           Power      Damage    Failure   Level
 Gell's Gravitas          Tloc           12%        N/A       34%         3
 Lesser Beckoning         Tloc           12%        N/A       34%         3
 Teleport Other           Tloc           24%        N/A       34%         3
 Animate Skeleton         Necr           2%         N/A       99%         1
 Pain                     Necr           4%         1d4       99%         1
 Ensorcelled Hibernation  Hex/Ice        2%         N/A       100%        2
 Spider Form              Tmut/Pois      0%         N/A       100%        3
 Vampiric Draining        Necr           0%         2d6       100%        3
 Shadow Creatures         Summ           N/A        N/A       100%        6
 Blink                    Tloc           Unusable   N/A       N/A         2

Dungeon Overview and Level Annotations

Branches:
Dungeon (8/15)             Temple (1/1) D:4            Lair (0/6) D:8

Altars:
Ashenzari
Cheibriados
Dithmenos
Elyvilon
Fedhas
Gozag
Hepliaklqana
Kikubaaqudgha
Nemelex Xobeh
Okawaru
Qazlal
Ru
Sif Muna
Trog
Uskayaw
Wu Jian
Xom
Zin
Beogh
Lugonu

Shops:
D:7 *


Innate Abilities, Weirdness & Mutations

You cannot be hasted, slowed, berserked, paralysed or teleported.
You can dig through walls and to a lower floor.
You have a pair of large antennae on your head. (SInv)
Your four strong arms can wield two-handed weapons with a shield.


Message History

Things that are here:
a +0 spear; a +0 robe
Things that are here:
a +3 mace of freezing; a +0 robe
R - a +3 mace of freezing A wyvern comes into view.
The wyvern hisses angrily.
The wyvern bites you! x2
You completely miss the wyvern.
The wyvern bites you but does no damage. x2
You barely miss the wyvern. The wyvern bites you! x2
* * * LOW HITPOINT WARNING * * *
You are too injured to fight recklessly!
You are too injured to fight recklessly!
You are too injured to fight recklessly!
You are too injured to fight recklessly!
You are too injured to fight recklessly!
A wyvern is nearby!
Your plate armour prevents you from hitting the wyvern.
The wyvern bites you but does no damage.
The wyvern bites you.
* * * LOW HITPOINT WARNING * * *
You slash the wyvern!
The wyvern is heavily wounded.
The wyvern bites you but does no damage.
The wyvern bites you.
* * * LOW HITPOINT WARNING * * *
You slash the wyvern!
The wyvern is almost dead.
The wyvern bites you.
* * * LOW HITPOINT WARNING * * *
The wyvern bites you!
* * * LOW HITPOINT WARNING * * *
You barely miss the wyvern.
The wyvern is almost dead.
The wyvern bites you.
* * * LOW HITPOINT WARNING * * *
Okay, then.
The wyvern bites you.
You die...

##.## ### #.# ..# #.#
#.# #<# #.# ###.# #.#
#...# #.# #.### .
######l# #.#
.#######....#@# #.#
...≈...#.....# #.# .
#...#....##.## #.#
...##.PP##...##..# #.#
#...P.P...#.###.# #.#
#≈..P>)[.≈#.# #.# #.#
#...P.PP..#.###.###.#
...##...##...........#
. #...#)...###.#####


You could see a wyvern.

Vanquished Creatures
  Harold (D:8)
  A deep elf zephyrmancer (D:6)
  A steam dragon (D:7)
  A water moccasin (D:7)
  2 necrophages (D:4)
  3 ice beasts
  2 ogres
  2 kobold brigands (D:6)
  4 bullfrogs (D:7)
  3 scorpions
  A water moccasin skeleton (D:6)
  3 wights (D:8)
  An electric eel (D:7)
  A howler monkey (D:7)
  2 hounds
  2 centaur skeletons
  An orc priest (D:6)
  Jessica (D:3)
  Terence (D:2)
  5 iguanas
  5 orc wizards
  3 gnolls (D:5)
  5 adders
  A white imp (D:6)
  An adder zombie (D:5)
  An adder skeleton (D:4)
  3 dart slugs
  23 orcs
  9 ball pythons
  2 bats (D:3)
  5 endoplasms
  3 giant cockroaches
  5 goblins
  2 hobgoblins
  18 kobolds
  4 quokkas
  12 frilled lizards
  5 rats
145 creatures vanquished.

Vanquished Creatures (others)
  A fungus (D:8)
  7 plants
8 creatures vanquished.

Grand Total: 153 creatures vanquished

Notes
Turn   | Place    | Note
-------+----------+-------------------------------------------
     0 | D:1      | Descartes the Formicid Warper began the quest for the Orb.
     0 | D:1      | Reached XP level 1. HP: 16/16 MP: 3/3
   243 | D:1      | Reached XP level 2. HP: 13/22 MP: 5/5
   632 | D:1      | You fall into a shaft and drop 1 floor!
   632 | D:2      | Found an iron altar of Okawaru.
   802 | D:2      | Reached XP level 3. HP: 6/27 MP: 6/6
  2038 | D:2      | Noticed Terence
  2361 | D:2      | Reached XP level 4. HP: 24/33 MP: 7/7
  2966 | D:2      | Found a faded altar of an unknown god.
  2969 | D:2      | Became a worshipper of Lugonu the Unformed
  2969 | D:2      | Reached * piety under Lugonu
  2969 | D:2      | Reached ** piety under Lugonu
  3012 | D:2      | Killed Terence
  3245 | D:3      | Reached XP level 5. HP: 21/38 MP: 8/8
  3262 | D:3      | Learned a level 5 spell: Manifold Assault
  3654 | D:3      | Noticed Jessica
  3662 | D:3      | Killed Jessica
  4506 | D:3      | Found a glowing silver altar of Zin.
  4506 | D:3      | Found a blossoming altar of Fedhas.
  5064 | D:4      | Reached XP level 6. HP: 33/44 MP: 9/9
  5074 | D:4      | Found an iron altar of Okawaru.
  5347 | D:4      | Noticed a necrophage
  5368 | D:4      | Killed a necrophage
  5637 | D:4      | Identified the +5 scimitar of Classification {spect, *Rage
                  | rPois rC- Dex+8}
  5744 | D:4      | Noticed a necrophage
  5749 | D:4      | Killed a necrophage
  5750 | D:4      | Reached skill level 5 in Armour
  5750 | D:4      | Reached skill level 5 in Translocations
  5750 | D:4      | Reached XP level 7. HP: 50/50 MP: 10/10
  5781 | D:4      | Identified the ring of Xoocabie {rF+ rCorr MP+9 Dex-4 SInv}
  6149 | D:4      | Reached skill level 1 in Long Blades
  6149 | D:4      | Reached skill level 1 in Invocations
  6155 | D:4      | Found a staircase to the Ecumenical Temple.
  6162 | Temple   | Entered the Ecumenical Temple
  6256 | D:5      | Entered Level 5 of the Dungeon
  6349 | D:5      | Reached *** piety under Lugonu
  6438 | D:5      | Reached XP level 8. HP: 55/56 MP: 11/11
  6438 | D:5      | Found a broken altar of Ashenzari.
  7405 | D:6      | Found a shimmering altar of Xom.
  7406 | D:6      | Found a shimmering altar of Xom.
  7519 | D:6      | Noticed a deep elf zephyrmancer
  7526 | D:6      | Killed a deep elf zephyrmancer
  7527 | D:6      | Reached skill level 5 in Invocations
  7527 | D:6      | Reached XP level 9. HP: 56/61 MP: 12/12
  8265 | D:7      | Reached **** piety under Lugonu
  8808 | D:7      | Found Mocsuony's Assorted Antiques.
  8811 | D:7      | Bought a viscous grey potion for 20 gold pieces
  8811 | D:7      | Bought a scroll labelled JYRHEKHL DUIFUMI for 23 gold
                  | pieces
  8811 | D:7      | Bought a scroll labelled XUSEOM ITI for 23 gold pieces
  8811 | D:7      | Bought a scroll labelled SYKHLI ONUTHALL for 23 gold pieces
  8811 | D:7      | Bought a scroll labelled JEMOIQ SUOPOE for 23 gold pieces
  8811 | D:7      | Bought a scroll labelled XUSEOM ITI for 23 gold pieces
  8811 | D:7      | Bought a scroll labelled JYRHEKHL DUIFUMI for 23 gold
                  | pieces
  8918 | D:8      | Found a staircase to the Lair.
  8918 | D:8      | Noticed Harold
  8925 | D:8      | Killed Harold
  8926 | D:8      | Reached XP level 10. HP: 23/67 MP: 13/13
  9161 | D:8      | Slain by a wyvern

Illustrated notes

Levels and vault maps discovered:
D:1:      heliophobic_arrival_glass_houses, layout_loops_ring,
          minmay_lizard_king
D:2:      layout_loops_ring, hellmonk_ecumenical_altar_defaced_shrine,
          basic_altar, uniq_terence
D:3:      layout_basic, mainiacjoe_overflow_large_starburst,
          hangedman_glass_teeth, minmay_shallow_snake_nest, uniq_jessica
D:4:      layout_rooms, kennysheep_okawaru_gauntlet,
          minmay_temple_entry_junction_2
D:5:      layout_basic, ashenzari_altar_1
D:6:      layout_loops_corners, xom_redecorated, grunt_ministairs_9,
          guppyfry_early_elven_hall
D:7:      layout_rooms, serial_shops, kennysheep_mini_moat, minmay_crystal_water
D:8:      layout_loops_ring, dpeg_oklobed_lair, uniq_harold, uniq_psyche,
          uniq_grum
Temple:   cyrus_circular_temple

Skill      XL: |  1  2  3  4  5  6  7  8  9 10 |
---------------+-------------------------------+-----
Translocations | 3 4 5 7 8 9 |  9.0
Armour         | 2 3 4 5 7 9 |  9.9
Long Blades    | 2 |  2.0
Invocations    | 2 5 |  5.0
Fighting       | |  2.1
Maces & Flails | |  2.0
Throwing       | |  1.0
Dodging        | |  1.7
Spellcasting   | |  2.1

Action                   |  1- 3 |  4- 6 |  7- 9 | 10-12 || total
-------------------------+-------+-------+-------+-------++-------
Melee: Mace              |   128 |   225 |       |       ||   353
       Scimitar          |       |     5 |   126 |    11 ||   142
       Trident           |       |       |     5 |       ||     5
Throw: Boomerang         |     2 |       |       |       ||     2
 Abil: Dig               |       |     1 |       |       ||     1
  Use: Potion            |     1 |       |       |       ||     1
Armor: Leather armour    |    13 |       |       |       ||    13
       Ring mail         |    45 |       |       |       ||    45
       Chain mail        |       |   168 |    12 |       ||   180
       Plate armour      |       |       |    63 |     7 ||    70
Dodge: Dodged            |   102 |   105 |    44 |       ||   251
       Rpst.: Scimitar   |       |       |    11 |       ||    11
